Map: [ESL] Alcyone

Players

ByuN - Winner!

  • Race: Terran Terran
  • Spawn Location: 7:00

Dark

  • Race: Zerg Zerg
  • Spawn Location: 1:00

VOD

Have the link to the VOD?

Description

Time

  • Played on: Dec. 11, 2023, 7:32 a.m.
  • Length: 12:51
Show
View Real Time Build Order
Export as new Build Order

ByuN Terran - Winner!

Build Orders: Banshee Rush 

Get SALT Encoding   

  12  0:00  SCV  
  13  0:12  SCV  
  14  0:18  Supply Depot  
  14  0:24  SCV  
  15  0:39  SCV  
  15  0:40  Barracks  
  16  0:46  Refinery  
  16  0:51  SCV  
  17  1:03  SCV  
  18  1:15  SCV  
  19  1:26  Marine  
  19  1:27  Orbital Command  
  20  1:37  Command Center  
  20  1:44  Marine  
  21  1:53  Factory  
  21  1:56  SCV  
  22  2:02  Supply Depot  
  22  2:08  SCV  
  23  2:13  Barracks Reactor  
  23  2:20  Refinery  
  23  2:24  SCV  
  24  2:36  Hellion, SCV  
  27  2:46  Starport  
  27  2:48  SCV  
  27  2:50  Orbital Command  
  28  3:00  SCV  
  28  3:02  Barracks Tech Lab  
  28  3:04  Hellion x2  
  34  3:12  SCV  
  34  3:19  SCV  
  35  3:25  SCV  
  35  3:26  Hellion x2  
  40  3:30  Supply Depot  
  40  3:31  SCV  
  40  3:32  Cloaking Field  
  41  3:35  Banshee  
  41  3:39  Barracks Tech Lab  
  44  3:42  SCV  
  44  3:43  SCV  
  46  3:54  SCV  
  46  3:55  SCV  
  42  3:58  Marine  
  43  4:05  Barracks  
  43  4:06  SCV, Barracks, Factory Reactor  
  43  4:07  Stimpack, SCV  
  45  4:14  Refinery  
  45  4:16  Marine, Supply Depot  
  46  4:20  SCV x2  
  46  4:24  Engineering Bay  
  48  4:32  SCV x2  
  48  4:34  Marine  
  51  4:44  SCV x2  
  51  4:45  Barracks x2  
  53  4:50  Supply Depot, Terran Infantry Weapons Level 1  
  53  4:56  SCV x2  
  53  4:58  Marine x2  
  53  4:59  Siege Tank  
  60  5:02  Starport Reactor  
  60  5:03  Marine x2  
  62  5:08  Supply Depot  
  62  5:11  Marine, SCV x2  
  65  5:23  Supply Depot  
  65  5:25  Marine x2, Supply Depot  
  65  5:26  Marine x2  
  69  5:29  Marine  
  69  5:31  Siege Tank  
  69  5:32  SCV x2  
  75  5:40  Marine  
  75  5:41  Marine  
  77  5:43  Marine  
  77  5:44  Medivac x2  
  77  5:45  Refinery  
  82  5:50  Marine x2  
  82  5:51  Supply Depot  
  82  5:53  Marine  
  85  5:58  Marine x2  
  85  6:00  Marine  
  85  6:03  Siege Tank  
  91  6:08  Marine x3  
  91  6:11  Marine, Combat Shield  
  91  6:16  Marine  
  93  6:22  Supply Depot  
  93  6:24  Marine  
  93  6:25  Marine  
  95  6:26  Marine x2  
  95  6:31  Marine x2  
  99  6:35  Siege Tank  
  101  6:43  Marine  
  101  6:44  Marine x2  
  103  6:47  Medivac x2  
  103  6:48  Marine x2  
  103  6:49  Marine x2  
  103  6:54  Supply Depot, Terran Infantry Armor Level 1  
  110  7:02  Marine  
  110  7:04  Marine  
  110  7:05  Marine  
  110  7:06  Marine x2  
  110  7:07  Marine x2, Supply Depot  
  117  7:11  Siege Tank  
  120  7:19  Marine  
  120  7:22  Marine x2  
  122  7:24  Marine x3  
  122  7:25  Marine  
  127  7:37  Marine  
  127  7:40  Marine x2  
  127  7:42  Marine x3  
  127  7:43  Marine  
  134  7:53  Siege Tank  
  134  7:55  Marine  
  134  7:58  Marine x2  
  133  8:00  Marine x4  
  138  8:08  Medivac x2  
  134  8:13  Marine  
  134  8:16  Marine x2  
  134  8:17  Marine  
  134  8:18  Marine x3  
  141  8:25  Siege Tank  
  139  8:31  Marine  
  139  8:33  Marine  
  139  8:34  Marine  
  129  8:35  Marine x2  
  129  8:36  Marine  
  129  8:41  Marine  
  112  8:48  Marine  
  112  8:51  Marine x2, Medivac x2  
  112  8:53  Marine x2  
  109  8:56  Marine  
  109  8:57  Siege Tank  
  113  9:09  Marine x2  
  114  9:10  Marine  
  114  9:14  Marine  
  115  9:18  Marine  
  115  9:19  Marine x2  
  115  9:21  Medivac  
  107  9:27  Marine  
  107  9:29  Siege Tank  
  102  9:32  Marine x2  
  102  9:36  Marine  
  107  9:39  Barracks Tech Lab x2, Concussive Shells  
  105  9:49  Medivac  
  105  9:51  Command Center, Medivac  
  109  9:55  Marauder  
  109  9:58  Marauder  
  109  9:59  Marauder  
  115  10:01  Marine x2, Siege Tank  
  115  10:04  SCV  
  115  10:06  SCV  
  122  10:16  SCV  
  122  10:18  SCV  
  122  10:19  Marauder x2  
  128  10:22  Marauder  
  130  10:29  SCV  
  130  10:30  SCV  
  132  10:36  Siege Tank  
  134  10:53  Marauder x3  
  139  10:59  Marine x2  
  139  11:00  Marine, Engineering Bay, Armory  
  142  11:05  Orbital Command  
  142  11:15  Marauder x3  
  148  11:35  Marine x2  
  148  11:36  Marine  
  148  11:37  Marine  
  148  11:39  Siege Tank  
  145  11:40  Marauder x3  
  145  11:45  Medivac x2  
  150  12:01  Marine, Marauder x2  
  142  12:02  Marauder  
  149  12:14  Marine x2  
  147  12:17  Marine  
  147  12:18  Siege Tank  
  147  12:19  Marine  
  147  12:20  SCV x2  
  147  12:21  SCV  
  151  12:23  Marauder x2  
  151  12:29  Marauder  
  147  12:32  Marine x2, SCV  
Show
View Real Time Build Order
Export as new Build Order

Dark Zerg 

Build Orders: Hatch First 

Get SALT Encoding   

  12  0:00  Drone  
  13  0:12  Overlord  
  13  0:17  Drone  
  14  0:31  Drone x2  
  16  0:49  Hatchery  
  15  0:53  Drone  
  15  0:56  Drone  
  17  0:59  Drone  
  18  1:10  Extractor  
  17  1:14  Spawning Pool  
  17  1:17  Drone  
  17  1:19  Drone  
  18  1:29  Drone  
  19  1:40  Drone  
  20  1:49  Drone  
  21  2:02  Drone x2  
  21  2:03  Queen x2  
  27  2:10  Metabolic Boost  
  27  2:13  Overlord  
  27  2:14  Drone  
  28  2:28  Hatchery  
  27  2:33  Drone  
  27  2:36  Overlord  
  28  2:41  Overlord  
  28  2:55  Drone x5  
  33  2:58  Queen  
  33  3:05  Queen  
  37  3:09  Zergling x4  
  39  3:19  Drone x2  
  41  3:27  Zergling x4  
  41  3:31  Drone  
  44  3:34  Overlord  
  44  3:39  Queen  
  45  3:49  Drone x5  
  45  3:51  Overlord  
  45  3:52  Overlord  
  45  3:53  Zergling x2  
  45  3:54  Queen  
  53  3:57  Spore Crawler  
  53  3:58  Spore Crawler  
  53  4:01  Drone  
  53  4:02  Drone x2  
  53  4:05  Spore Crawler  
  53  4:07  Drone  
  53  4:09  Drone x2  
  55  4:12  Zergling x2  
  55  4:13  Drone  
  55  4:16  Extractor  
  56  4:18  Drone x2  
  56  4:23  Lair  
  58  4:25  Drone x2  
  58  4:27  Extractor, Drone  
  58  4:29  Drone  
  58  4:30  Drone  
  62  4:32  Drone  
  62  4:36  Drone x2  
  62  4:37  Drone  
  66  4:39  Drone  
  66  4:40  Drone  
  68  4:48  Roach Warren  
  68  4:49  Drone x3  
  70  4:55  Evolution Chamber  
  70  4:56  Drone x2  
  70  4:57  Evolution Chamber  
  70  4:59  Evolution Chamber  
  69  5:00  Drone x2  
  69  5:06  Drone x2  
  73  5:15  Spore Crawler  
  73  5:19  Drone x2  
  74  5:22  Zerg Ground Armor Level 1, Zerg Missile Weapons Level 1, Overlord  
  74  5:24  Overlord  
  74  5:26  Overlord  
  74  5:29  Overlord  
  74  5:31  Extractor  
  74  5:32  Extractor  
  74  5:34  Overlord  
  72  5:38  Extractor, Drone x2  
  72  5:42  Roach x5  
  85  5:43  Roach x2  
  85  5:49  Drone  
  87  5:53  Roach  
  89  6:01  Glial Reconstitution  
  90  6:04  Drone x3  
  90  6:07  Roach x6  
  90  6:10  Zergling x6  
  107  6:18  Overlord, Hatchery  
  106  6:19  Ravager x2  
  106  6:20  Ravager  
  106  6:21  Overlord  
  109  6:45  Roach x3  
  111  6:49  Infestation Pit  
  111  6:50  Drone x8  
  111  6:51  Baneling Nest, Drone x3  
  120  6:56  Hatchery  
  123  7:01  Roach x3  
  123  7:03  Overlord  
  125  7:14  Zergling x10  
  130  7:19  Overlord x3  
  130  7:20  Overlord  
  130  7:21  Zerg Melee Weapons Level 1  
  130  7:25  Zerg Ground Armor Level 2  
  130  7:35  Roach x6  
  141  7:38  Ravager x3  
  141  7:39  Ravager x4  
  141  7:40  Zergling x4  
  141  7:43  Zergling x2  
  141  7:44  Zergling x4  
  157  7:51  Roach x5  
  154  8:02  Hive  
  154  8:03  Zergling x12  
  140  8:13  Roach x3  
  140  8:17  Ravager x2  
  146  8:21  Zergling x8  
  146  8:25  Zergling x2  
  145  8:28  Roach x3  
  133  8:34  Roach x2  
  133  8:40  Roach  
  131  8:44  Roach x2  
  131  8:46  Roach x2  
  106  8:49  Queen  
  106  8:52  Roach  
  97  8:57  Roach x5  
  97  8:59  Roach x3  
  111  9:04  Roach  
  111  9:06  Roach  
  113  9:11  Roach x2  
  113  9:13  Roach x2  
  121  9:18  Roach  
  121  9:19  Roach  
  101  9:24  Roach  
  101  9:28  Roach  
  89  9:36  Zergling x6  
  92  9:40  Ravager x2  
  94  9:47  Hatchery  
  94  9:49  Drone x4  
  94  9:50  Drone x2  
  94  9:51  Ravager  
  100  10:02  Roach  
  100  10:03  Roach x2  
  105  10:17  Drone x5  
  110  10:28  Hatchery  
  110  10:32  Zerg Melee Weapons Level 2  
  109  10:37  Ravager  
  109  10:38  Zergling x4  
  109  10:41  Zergling x4  
  112  10:53  Viper  
  112  10:56  Zergling x12  
  121  11:02  Zergling x8  
  121  11:04  Ravager  
  126  11:05  Ravager  
  126  11:07  Zergling x2  
  126  11:10  Overlord  
  128  11:16  Overlord  
  128  11:17  Overlord  
  128  11:18  Overlord x2  
  128  11:20  Overlord  
  128  11:36  Zergling x12  
  128  11:38  Ravager x2  
  128  11:39  Zergling x2  
  125  11:40  Queen x3, Zergling x2  
  125  11:45  Zergling x2  
  130  11:48  Zergling x2  
  130  11:49  Queen  
  132  11:57  Zergling x6  
  132  12:00  Zergling x2  
  132  12:01  Zergling x4  
  128  12:03  Ravager x4  
  128  12:06  Zergling x2  
  132  12:11  Zergling x2  
  122  12:16  Zergling x8  
  122  12:17  Zergling x2  
  102  12:28  Zergling x10  
  101  12:30  Zergling x2  
  101  12:33  Zergling x2  
Tags
 
Matchup
TvZ
Player
ByuNDark
Replay Pack
December 2023
Spawn Locations
Cross Positions
Strategy
Banshee Rush
Add a new tag
Caveats
  • Supply blocks, unpowered buildings, or Contaminate may cause inaccurate times.
  • Supply counts are checked every 10 seconds.